Map: Nightshade LE

Players

MaSa

  • Race: Terran Terran
  • Spawn Location: 5:00

soO - Winner!

  • Race: Zerg Zerg
  • Spawn Location: 11:00

VOD

Have the link to the VOD?

Description

Time

  • Played on: Jan. 7, 2020, 7:07 p.m.
  • Length: 9:12
Show
View Real Time Build Order
Export as new Build Order

MaSa Terran 

Build Orders: Reaper Expand, Mech 

Get SALT Encoding   

  12  0:00  SCV  
  13  0:12  SCV  
  14  0:17  Supply Depot  
  14  0:24  SCV  
  15  0:38  SCV  
  15  0:39  Barracks  
  16  0:43  Refinery  
  16  0:50  SCV  
  17  1:02  SCV  
  18  1:14  SCV  
  19  1:26  Orbital Command  
  19  1:27  Reaper  
  20  1:38  Command Center  
  20  1:47  Supply Depot  
  20  1:53  SCV  
  21  1:59  Marine  
  22  2:07  SCV  
  23  2:13  Factory  
  23  2:14  Refinery  
  23  2:19  SCV  
  23  2:21  Barracks Reactor  
  24  2:31  SCV  
  25  2:43  SCV  
  26  2:49  Orbital Command  
  26  2:55  SCV  
  27  2:59  Starport  
  27  3:05  Hellion x2  
  31  3:07  SCV  
  31  3:12  Marine  
  32  3:16  SCV  
  32  3:19  SCV  
  33  3:28  SCV  
  33  3:31  SCV  
  33  3:36  Starport Tech Lab, Hellion x2  
  33  3:38  Fusion Core  
  33  3:40  SCV  
  38  3:44  SCV  
  38  3:48  Supply Depot  
  39  3:52  SCV  
  40  3:56  SCV  
  41  4:04  SCV  
  41  4:08  SCV  
  43  4:16  Supply Depot  
  43  4:17  SCV  
  44  4:20  SCV  
  45  4:25  Battlecruiser  
  45  4:29  SCV  
  52  4:32  SCV  
  52  4:34  Command Center  
  52  4:36  Supply Depot  
  53  4:39  Hellion  
  53  4:41  SCV, Hellion  
  58  4:48  Refinery  
  58  4:50  Refinery  
  58  4:51  SCV  
  58  5:00  SCV  
  58  5:03  Hellion  
  58  5:04  Marine, Hellion  
  64  5:07  Bunker  
  64  5:09  SCV  
  64  5:12  SCV  
  66  5:17  Supply Depot x2, Weapon Refit  
  66  5:18  Supply Depot  
  66  5:21  SCV  
  67  5:22  Marine  
  66  5:39  SCV, Battlecruiser  
  70  5:46  Command Center  
  70  5:47  SCV  
  66  5:51  SCV, Hellion  
  69  5:59  SCV  
  70  6:04  Factory  
  70  6:07  Factory  
  70  6:09  Barracks Tech Lab  
  70  6:10  SCV  
  70  6:11  SCV  
  72  6:14  Hellion  
  74  6:22  SCV  
  75  6:29  SCV  
  75  6:30  Supply Depot  
  75  6:31  Supply Depot  
  76  6:33  Supply Depot  
  76  6:34  SCV  
  76  6:39  Hellion x2  
  81  6:41  SCV  
  81  6:47  Barracks Tech Lab  
  82  6:52  Battlecruiser  
  88  6:56  Supply Depot  
  88  7:04  SCV  
  89  7:10  SCV  
  90  7:17  SCV, Armory  
  90  7:18  Armory  
  90  7:22  SCV, Hellion x2  
  96  7:29  SCV, Refinery  
  97  7:33  Refinery  
  97  7:34  Siege Tank  
  97  7:35  Siege Tank  
  97  7:36  SCV  
  104  7:39  SCV  
  104  7:44  SCV  
  106  7:45  Engineering Bay  
  106  7:50  SCV  
  107  7:51  Orbital Command  
  107  7:56  Supply Depot  
  107  7:57  Hellion x2  
  111  8:03  SCV x2  
  113  8:10  Siege Tank x2  
  113  8:15  SCV  
  113  8:18  SCV  
  113  8:19  Hellion  
  105  8:30  SCV  
  106  8:42  Hellion x2  
  106  8:46  Hellion x2  
  107  8:50  SCV  
  98  8:55  SCV  
Show
View Real Time Build Order
Export as new Build Order

soO Zerg - Winner!

Build Orders: Pool First 

Get SALT Encoding   

  12  0:00  Drone  
  13  0:11  Overlord  
  13  0:16  Drone  
  14  0:30  Drone x2  
  16  0:38  Drone  
  17  0:44  Extractor, Drone  
  17  0:49  Spawning Pool  
  16  0:55  Drone  
  17  1:05  Drone  
  18  1:16  Hatchery  
  17  1:20  Drone  
  18  1:36  Zergling x2, Queen  
  21  1:42  Overlord  
  21  1:48  Metabolic Boost  
  21  1:53  Drone  
  22  2:01  Drone  
  23  2:11  Queen  
  25  2:15  Drone  
  27  2:22  Drone  
  27  2:28  Queen, Drone  
  30  2:33  Zergling x2  
  31  2:39  Zergling x2  
  31  2:43  Drone  
  33  2:44  Drone x2  
  33  2:47  Overlord  
  35  2:53  Drone  
  36  3:05  Hatchery  
  35  3:09  Drone x3  
  38  3:14  Drone  
  38  3:18  Overlord  
  39  3:22  Drone  
  39  3:23  Drone  
  40  3:30  Drone x2  
  40  3:32  Drone x2  
  42  3:36  Queen  
  44  3:42  Drone x2, Overlord  
  44  3:47  Roach Warren  
  44  3:48  Drone  
  46  3:51  Extractor  
  45  3:56  Zergling x4  
  45  3:59  Zergling x2  
  48  4:04  Drone  
  49  4:10  Drone  
  49  4:11  Drone  
  49  4:12  Queen, Drone  
  54  4:18  Drone  
  54  4:22  Overlord  
  55  4:28  Roach x5  
  65  4:34  Overlord  
  65  4:38  Overlord  
  65  4:42  Roach  
  65  4:43  Roach  
  65  4:44  Roach  
  65  4:45  Overlord  
  71  4:47  Overlord  
  71  4:49  Drone x2  
  71  4:50  Overlord  
  73  4:55  Drone  
  73  4:56  Drone  
  75  5:03  Drone  
  76  5:07  Drone x3  
  76  5:08  Lair  
  76  5:09  Drone x2  
  76  5:12  Extractor, Drone x2  
  76  5:13  Drone  
  83  5:15  Drone x2, Queen  
  83  5:18  Ravager x2  
  83  5:19  Ravager  
  83  5:20  Drone x2  
  92  5:26  Drone  
  92  5:28  Spore Crawler  
  92  5:30  Spore Crawler  
  92  5:31  Spore Crawler  
  90  5:39  Drone x2  
  86  5:44  Drone  
  86  5:45  Drone  
  81  5:52  Roach x5  
  81  5:55  Drone x3, Queen  
  81  5:56  Queen  
  94  6:00  Drone x3  
  95  6:04  Extractor  
  95  6:05  Extractor, Roach x2  
  95  6:11  Glial Reconstitution  
  97  6:13  Drone  
  97  6:14  Drone x3  
  97  6:15  Extractor, Overlord  
  100  6:18  Overlord  
  100  6:23  Evolution Chamber  
  100  6:24  Overlord  
  99  6:28  Spire  
  99  6:29  Drone  
  99  6:32  Drone x3  
  102  6:36  Drone  
  103  6:40  Overlord  
  103  6:50  Hatchery  
  102  6:55  Drone x2  
  102  6:56  Zerg Missile Weapons Level 1  
  102  6:57  Drone  
  102  6:59  Overlord  
  105  7:03  Queen  
  105  7:05  Drone x3  
  109  7:13  Drone  
  109  7:15  Drone x2  
  108  7:25  Roach x4  
  108  7:26  Overlord  
  108  7:29  Overlord  
  114  7:39  Corruptor x3  
  114  7:40  Corruptor x6  
  131  7:45  Extractor  
  131  7:46  Corruptor  
  131  7:49  Extractor  
  131  7:59  Drone x3  
  131  8:00  Roach x5  
  131  8:02  Drone  
  145  8:06  Roach  
  145  8:10  Ravager x2  
  145  8:11  Roach x4  
  153  8:20  Extractor  
  153  8:26  Roach  
  153  8:27  Roach x6  
  165  8:34  Roach  
  167  8:35  Overlord x2  
  167  8:37  Overlord  
  167  8:42  Overlord  
  167  8:43  Ravager x2, Overlord  
  167  8:45  Overlord  
  165  8:48  Overlord  
  165  8:50  Roach  
  165  8:51  Roach x2  
Tags
 
Add a new tag
Caveats
  • Supply blocks, unpowered buildings, or Contaminate may cause inaccurate times.
  • Supply counts are checked every 10 seconds.